 Dungeon Crawl Stone Soup version 0.24.1-4-ge52af88ad5 (webtiles) character file.

Game seed: 14693578019979294041, levelgen mode: deterministic

5070 bineoseu the Summoner (level 10, -18/58 HPs)
             Began as a Tengu Summoner on Apr 16, 2020.
             Was a High Priest of Okawaru.
             Hit by a large rock thrown by a cyclops (38 damage)
             ... on level 9 of the Dungeon.
             The game lasted 00:31:04 (13622 turns).

bineoseu the Summoner (Tengu Summoner)             Turns: 13622, Time: 00:31:05

Health: -18/58     AC:  9    Str: 11    XL:     10   Next: 56%
Magic:  18/18      EV: 11    Int: 16    God:    Okawaru [*****.]
Gold:   367        SH: 10    Dex: 15    Spells: 9/19 levels left

rFire    . . .     SeeInvis .   b - +2 dagger (venom)
rCold    . . .     Gourm    +   A - +0 shield
rNeg     . . .     Faith    .   K - +1 ring mail {MR+}
rPois    +         Spirit   .   (helmet restricted)
rElec    .         Reflect  .   s - scarf {cloud immunity}
rCorr    .         Harm     .   (no gloves)
MR       +....                  (boots unavailable)
Stlth    +.........             B - amulet of the gourmand
HPRegen  0.19/turn              (no ring)
MPRegen  0.16/turn              (no ring)

@: flying quickly and evasively, quick
A: beak, talons 3, thin metallic scales 1, poison resistance, able to fly
a: Stop Flying, Heroism, Finesse, Renounce Religion


You were on level 9 of the Dungeon.
You worshipped Okawaru.
Okawaru was extremely pleased with you.
You were not hungry.

You visited 1 branch of the dungeon, and saw 9 of its levels.

You collected 590 gold pieces.
You spent 223 gold pieces at shops.

Inventory:

Hand Weapons
 a - a +5 falchion of freezing
 b - a +2 dagger of venom (weapon)
 d - a +0 club
Missiles
 m - 107 stones
 q - 31 poisoned darts (quivered)
 t - 10 boomerangs
 w - 2 throwing nets
 J - 3 curare-tipped darts
 L - 7 silver javelins
Armour
 s - a scarf of cloud immunity (worn)
 A - a +0 shield (worn)
 K - a +1 ring mail of magic resistance (worn)
Jewellery
 o - an uncursed ring of fire
 B - an amulet of the gourmand (around neck)
 G - an uncursed ring of fire
Wands
 v - a wand of flame (32)
 F - a wand of paralysis (9)
Scrolls
 g - 2 scrolls of remove curse
 h - a scroll of amnesia {unknown}
 i - a scroll of magic mapping {unknown}
 k - 3 scrolls of fog
 l - 3 scrolls of teleportation
 n - 6 scrolls of identify
 r - a scroll of blinking {unknown}
 x - a scroll of fear {unknown}
 y - a scroll of enchant weapon {unknown}
 E - 2 scrolls of enchant armour {unknown}
 M - a scroll of silence {unknown}
Potions
 e - a potion of degeneration
 f - a potion of brilliance
 j - a potion of magic
 p - 3 potions of curing
 u - 2 potions of lignification
 z - a potion of flight {unknown}
 D - 4 potions of mutation
 H - a potion of heal wounds
 I - a potion of invisibility {unknown}
Comestibles
 c - 18 rations


   Skills:
 + Level 4.5 Fighting
 - Level 3.9(5.2) Short Blades
 - Level 5.3(6.0) Long Blades
 - Level 2.1 Throwing
 - Level 7.0 Armour
 - Level 2.1 Dodging
 - Level 2.0 Stealth
 * Level 6.4 Shields
 + Level 5.1 Spellcasting
 + Level 8.2 Summonings
 - Level 4.0 Invocations


You had 9 spell levels left.
You knew the following spells:

 Your Spells              Type           Power        Failure   Level  Hunger
a - Summon Small Mammal   Summ           ####         3%          1    None
b - Call Imp              Summ           ####....     4%          2    #......
c - Call Canine Familiar  Summ           ####....     10%         3    ###....
d - Summon Lightning Spi  Summ/Air       ###.....     88%         4    ####...

Your spell library contained the following spells:

 Spells                   Type           Power        Failure   Level  Hunger
 Summon Guardian Golem    Hex/Summ       ###.....     50%         3    ###....
 Summon Ice Beast         Ice/Summ       ###.....     88%         4    ####...


Dungeon Overview and Level Annotations

Branches:
Dungeon (9/15)             Temple (0/1) D:7
   Lair: D:8-11         Orc: D:9-12

Altars:
Fedhas
Makhleb
Okawaru
Ru
Vehumet
Wu Jian
Zin
The Shining One

Shops:
D:3 *   D:6 !   D:7 [

Annotations:
D:4 exclusion: downstairs
D:5 exclusion: downstairs
D:7 exclusion: 2 downstairs


Innate Abilities, Weirdness & Mutations

You have a beak for a mouth.
You have claws for feet.
You can fly continuously.
You are partially covered in thin metallic scales. (AC +2)
Your system is resistant to poisons. (rPois)


Message History

You throw a poisoned dart. The poisoned dart hits the cyclops.
The cyclops looks as sick as possible!
The cyclops is lightly wounded.
The cyclops throws a large rock.
The large rock hits you!!!
Ouch! That really hurt!
Throwing (i - inventory. (/) - cycle)
q - 33 poisoned darts (quivered)
Press: ? - help, Shift-Dir - straight line, f/p - cyclops
Aim: a cyclops (lightly wounded, poisoned)
You throw a poisoned dart. The poisoned dart hits the cyclops.
The cyclops looks as sick as possible!
The cyclops is lightly wounded.
Throwing (i - inventory. (/) - cycle)
q - 32 poisoned darts (quivered)
Press: ? - help, Shift-Dir - straight line, f/p - cyclops
Aim: a cyclops (moderately wounded, poisoned)
You throw a poisoned dart. The poisoned dart hits the cyclops!
The cyclops looks as sick as possible!
The cyclops is moderately wounded.
The cyclops throws a large rock.
The large rock hits you!!!
Ouch! That really hurt!
You die...

.#.#.##.#.#.########............#
>..............## #............#
##.#.......###..# ##############
##.#.##....# ##.# ##########
##.#.##....# #.####...C(...#
##.#.##....# #.##......#...#
##.#.##....# #.##.....##...#
##.#.####+## #.#......##...C.
##.#.# #.@(...####...#.. #.#..
#.###### #...# . ### #.# #...
#...# #.# ..... #...# ## #.#
.....)#†..####. #.#
.....††...##... #.#
......#o..##..) #. ..)..
#...#.... #... #........


You could see a cyclops.

Vanquished Creatures
  A centaur warrior (D:9)
  An ugly thing (D:8)
  A yak (D:8)
  A hungry ghost (D:9)
  3 sky beasts
  2 slaves (D:7)
  3 orc warriors
  An ice beast (D:9)
  An ogre (D:5)
  A centaur (D:5)
  3 bullfrogs
  A wyvern skeleton (D:5)
  A water moccasin skeleton (D:8)
  9 killer bees
  4 wights
  6 howler monkeys
  5 crimson imps
  A centaur zombie (D:9)
  A jelly (D:4)
  4 orc priests
  2 hounds (D:4)
  4 orc wizards
  A gnoll shaman (D:5)
  An iguana (D:6)
  5 worker ants
  3 hound skeletons
  8 gnolls
  2 howler monkey zombies
  2 worker ant zombies
  7 adders
  A howler monkey skeleton (D:5)
  3 shadow imps
  An adder skeleton (D:6)
  3 worms
  3 dart slugs (D:1)
  2 leopard geckos
  20 orcs
  2 ball pythons (D:4)
  4 giant cockroaches
  7 goblins
  10 hobgoblins
  7 jackals (D:5)
  8 kobolds
  6 quokkas
  5 bats
  A frilled lizard (D:5)
  A jackal skeleton (D:4)
  A jackal zombie (D:6)
  A leopard gecko skeleton (D:4)
  A quokka skeleton (D:6)
  3 rats (D:1)
175 creatures vanquished.

Vanquished Creatures (collateral kills)
  Pikel (D:8)
  Joseph (D:8)
  A hungry ghost (D:5)
  An ice beast (D:7)
  An orc warrior (D:8)
  A sky beast (D:8)
  A bullfrog (D:8)
  A killer bee (D:8)
  An orc priest (D:8)
  An orc wizard (D:4)
  3 worker ants
  3 gnolls (D:5)
  A shadow imp (D:8)
  An ooze (D:1)
  A leopard gecko (D:1)
  3 orcs (D:6)
  2 goblins (D:1)
  2 hobgoblins (D:1)
  A jackal (D:5)
  A kobold (D:1)
  2 leopard gecko zombies
30 creatures vanquished.

Vanquished Creatures (others)
  2 slaves (D:8)
  A worker ant (D:8)
  An adder (D:8)
4 creatures vanquished.

Grand Total: 209 creatures vanquished

Notes
Turn   | Place    | Note
-------+----------+-------------------------------------------
     0 | D:1      | bineoseu the Tengu Summoner began the quest for the Orb.
     0 | D:1      | Reached XP level 1. HP: 10/10 MP: 4/4
    51 | D:1      | Reached skill level 5 in Summonings
   145 | D:1      | Reached XP level 2. HP: 9/15 MP: 4/6
   255 | D:1      | Learned a level 2 spell: Call Imp
  1277 | D:1      | Reached skill level 1 in Armour
  1490 | D:1      | Reached XP level 3. HP: 14/19 MP: 4/7
  2348 | D:2      | Learned a level 3 spell: Call Canine Familiar
  2560 | D:2      | Reached XP level 4. HP: 19/24 MP: 8/8
  2761 | D:3      | Found Zin's Purification Station.
  2761 | D:3      | Found a glowing silver altar of Zin.
  3170 | D:3      | Found a burning altar of Makhleb.
  3170 | D:3      | Noticed a green death
  3173 | D:3      | Noticed a hellwing
  3173 | D:3      | Noticed a neqoxec
  3468 | D:3      | Found a sacrificial altar of Ru.
  3695 | D:4      | Reached skill level 1 in Fighting
  3695 | D:4      | Reached skill level 1 in Short Blades
  3695 | D:4      | Reached skill level 6 in Summonings
  3894 | D:4      | Gained mutation: You can fly continuously. [Tengu growth]
  3894 | D:4      | Reached XP level 5. HP: 23/29 MP: 5/9
  4075 | D:4      | Found an ornate altar of the Wu Jian Council.
  4227 | D:4      | Found an iron altar of Okawaru.
  4308 | D:4      | Became a worshipper of Warmaster Okawaru
  4461 | D:4      | Reached XP level 6. HP: 33/34 MP: 3/11
  4596 | D:4      | Found a glowing golden altar of the Shining One.
  4933 | D:4      | Reached skill level 1 in Throwing
  5123 | D:5      | Entered Level 5 of the Dungeon
  5155 | D:5      | Learned a level 4 spell: Summon Lightning Spire
  5168 | D:5      | Noticed a hungry ghost
  5199 | D:5      | Killed a hungry ghost
  5199 | D:5      | Reached * piety under Okawaru
  5275 | D:5      | Reached XP level 7. HP: 28/39 MP: 10/12
  5763 | D:5      | Reached skill level 7 in Summonings
  5771 | D:5      | Reached ** piety under Okawaru
  6788 | D:5      | Reached skill level 5 in Armour
  7115 | D:5      | Reached XP level 8. HP: 44/44 MP: 14/14
  7249 | D:6      | Reached skill level 1 in Shields
  7382 | D:6      | Gained mutation: You are partially covered in thin metallic
                  | scales. (AC +2) [potion of mutation]
  7382 | D:6      | Gained mutation: Your system is resistant to poisons.
                  | (rPois) [potion of mutation]
  7831 | D:6      | Found Cazitz's Distillery.
  7913 | D:6      | Bought a potion of heal wounds for 55 gold pieces
  8719 | D:6      | Reached skill level 1 in Invocations
  8987 | D:6      | Found a radiant altar of Vehumet.
  9094 | D:6      | Found a blossoming altar of Fedhas.
  9632 | D:7      | Reached XP level 9. HP: 15/49 MP: 8/15
  9845 | D:7      | Found Homett's Antique Armour Emporium.
  9853 | D:7      | Bought a glowing ring mail for 168 gold pieces
  9945 | D:7      | Found a staircase to the Ecumenical Temple.
 10763 | D:8      | Noticed Pikel
 10956 | D:8      | Noticed Joseph
 11077 | D:8      | Reached skill level 1 in Long Blades
 11129 | D:8      | Killed Pikel
 11129 | D:8      | Reached *** piety under Okawaru
 11211 | D:8      | Killed Joseph
 11211 | D:8      | Reached **** piety under Okawaru
 11219 | D:8      | Received a gift from Okawaru
 11486 | D:8      | Noticed a green ugly thing
 11525 | D:8      | Killed a green ugly thing
 11622 | D:8      | Reached skill level 5 in Shields
 11892 | D:8      | Reached XP level 10. HP: 48/56 MP: 17/17
 12556 | D:9      | Noticed a centaur warrior
 12569 | D:9      | Killed a centaur warrior
 12569 | D:9      | Reached ***** piety under Okawaru
 12569 | D:9      | Reached skill level 5 in Long Blades
 12569 | D:9      | Reached skill level 8 in Summonings
 12815 | D:9      | Reached skill level 5 in Spellcasting
 12828 | D:9      | Noticed a cyclops
 13622 | D:9      | Hit by a large rock thrown by a cyclops

Levels and vault maps discovered:
D:1:      shiori_arrival_maze, layout_basic, minmay_misc_feat_hallway
D:2:      layout_rooms
D:3:      kennysheep_big_flooded_room, layout_basic, lemuel_round_altar,
          zin_purify, makhleb_altar_promises_db
D:4:      layout_basic, okawaru_gym_becter, nicolae_tso_swordbearing_angel,
          lemuel_round_altar
D:5:      layout_cave_pods, first_ration
D:6:      layout_cave_pools, kennysheep_little_box, serial_shops, shop,
          vehumet_altar_wand_db
D:7:      layout_cave_pods, minmay_temple_entry_enclosed_plants, serial_shops,
          shop, minmay_misc_feat_tower
D:8:      layout_cave_pools, eino_jars, uniq_joseph, uniq_pikel
D:9:      minmay_opposing_rooms, layout_basic, kennysheep_mini_moat

Skill      XL: |  1  2  3  4  5  6  7  8  9 10 |
---------------+-------------------------------+-----
Summonings     | 5 6 7 8 |  8.2
Armour         | 1 2 3 5 6 7 |  7.0
Fighting       | 1 2 3 4 |  4.5
Short Blades   | 1 2 3 |  3.9
Throwing       | 1 2 |  2.1
Spellcasting   | 3 4 5 |  5.1
Shields        | 4 5 6 |  6.4
Invocations    | 2 3 4 |  4.0
Long Blades    | 4 5 |  5.3
Dodging        | |  2.1
Stealth        | |  2.0

Action                   |  1- 3 |  4- 6 |  7- 9 | 10-12 || total
-------------------------+-------+-------+-------+-------++-------
Melee: Club              |    46 |       |       |       ||    46
       Kick              |    16 |    29 |   111 |    21 ||   177
       Peck              |    11 |    22 |    48 |    15 ||    96
       Unarmed           |     1 |       |       |       ||     1
       Dagger            |    49 |    93 |   309 |    84 ||   535
       Falchion          |       |       |    94 |    17 ||   111
Throw: Dart              |       |    10 |    39 |     8 ||    57
       Boomerang         |       |     3 |     7 |       ||    10
 Cast: Summon Small Mamm |     7 |     1 |       |       ||     8
       Call Imp          |     7 |     6 |     9 |       ||    22
       Call Canine Famil |       |     5 |    15 |     2 ||    22
Invok: Heroism           |       |       |       |     1 ||     1
 Abil: Fly               |       |     1 |       |       ||     1
Evoke: Wand              |       |       |     2 |     7 ||     9
  Use: Potion            |       |       |     5 |       ||     5
       Scroll            |       |       |     4 |       ||     4
 Stab: Sleeping          |     3 |     1 |     2 |       ||     6
       Distracted        |     1 |     1 |     2 |       ||     4
  Eat: Chunk             |     5 |     9 |    35 |     4 ||    53
Armor: Robe              |    22 |     4 |       |       ||    26
       Scale mail        |       |    19 |    41 |       ||    60
       Ring mail         |       |       |    90 |    13 ||   103
Dodge: Dodged            |    81 |    44 |   155 |    46 ||   326
Block: Shield            |       |       |   142 |    39 ||   181
       Rpst.: Falchion   |       |       |     8 |     1 ||     9
